 Dungeon Crawl Stone Soup version 0.18.1-6-gd335043 (webtiles) character file.

545 PossumBlood the Chopper (level 7, 0/58 HPs)
             Began as a Formicid Fighter on May 19, 2016.
             Was a Follower of Okawaru.
             Slain by a giant frog zombie (5 damage)
             ... on level 5 of the Dungeon.
             The game lasted 00:06:35 (3717 turns).

PossumBlood the Chopper (Formicid Fighter)          Turns: 3717, Time: 00:06:36

Health: 0/58       AC:  6    Str: 22    XL:     7   Next: 53%
Magic:  7/7        EV:  8    Int:  8    God:    Okawaru [*.....]
Gold:   138        SH:  9    Dex: 10    Spells: 0 memorised, 6 levels left

rFire  . . .     SeeInvis +     a - +0 war axe
rCold  . . .     Gourm    .     b - +0 scale mail
rNeg   . . .     Faith    .     c - +0 shield
rPois  .         Spirit   .     (helmet unavailable)
rElec  .         Dismiss  .     (no cloak)
rCorr  .         Reflect  .     (no gloves)
SustAt .         Harm     .     (no boots)
MR     .....                    (no amulet)
Stlth  ..........               (no ring)
                                (no ring)

@: not resistant to hostile enchantments, extremely unstealthy
A: permanent stasis, dig shafts and tunnels, four strong arms, antennae 3
a: Dig, Shaft Self, Heroism, Renounce Religion


You were on level 5 of the Dungeon.
You worshipped Okawaru.
Okawaru was aware of your devotion.
You were not hungry.

You visited 1 branch of the dungeon, and saw 5 of its levels.

You collected 138 gold pieces.

Inventory:

Hand Weapons
 a - a +0 war axe (weapon)
Armour
 b - a +0 scale mail (worn)
 c - a +0 shield (worn)
Wands
 l - a wand of disintegration (11/24)
 m - a wand of disintegration (5/24)
Scrolls
 i - 4 scrolls of remove curse
 j - a scroll of identify
 p - a scroll of amnesia
Potions
 e - a potion of cure mutation
 q - a potion of resistance
 r - a potion of magic
Comestibles
 f - 2 slices of pizza
 g - 5 fruits
 h - a beef jerky
 o - 2 bread rations


   Skills:
 - Level 6.0 Fighting
 * Level 6.2 Axes
 - Level 3.2 Armour
 - Level 3.6 Shields


You had 6 spell levels left.
You didn't know any spells.

Dungeon Overview and Level Annotations

Branches:
Dungeon (5/15)
 Temple: D:4-7

Altars:
Cheibriados
Elyvilon
Gozag
Okawaru
Sif Muna
Vehumet


Innate Abilities, Weirdness & Mutations

You are under a permanent stasis effect.
You can dig through walls and to a lower floor.
Your four strong arms can wield two-handed weapons with a shield.
You have a pair of large antennae on your head (SInv).


Message History

You slash the giant frog zombie!
You block the giant frog zombie's attack.
You closely miss the giant frog zombie.
You block the giant frog zombie's attack.
The giant frog zombie hits you.
* * * LOW HITPOINT WARNING * * *
You barely miss the giant frog zombie. The giant frog zombie hits you.
* * * LOW HITPOINT WARNING * * *
You block the giant frog zombie's attack.
Your shield and scale mail prevent you from hitting the giant frog zombie.
The orc priest looks braver for a moment.
The giant frog zombie barely misses you.
You barely miss the giant frog zombie.
You block the giant frog zombie's attack.
The giant frog zombie hits you but does no damage.
You completely miss the giant frog zombie.
You block the giant frog zombie's attack.
The orc priest looks braver for a moment.
The giant frog zombie hits you.
You die...

###.####..#
#.....#...#
#.###.#)#.#..##
#............#
#.###.#.#.#.##
#.###(....#.# . #
#.....#.###.#
....#o########........
.....oZ@.............#
....################.#
. .#


You could see an orc priest, an orc and a giant frog zombie.

Vanquished Creatures
  A water moccasin (D:5)
  Edmund (D:4)
  An ice beast (D:5)
  A phantom (D:4)
  An orc wizard (D:5)
  A worker ant (D:4)
  4 adders
  2 oozes
  2 worms
  An adder skeleton (D:4)
  3 giant geckos
  6 giant cockroaches
  5 goblins
  8 hobgoblins
  2 jackals (D:2)
  4 kobolds
  A quokka (D:2)
  2 ball pythons
  8 bats
  A giant newt (D:1)
  5 rats
60 creatures vanquished.

Notes
Turn   | Place    | Note
--------------------------------------------------------------
     0 | D:1      | PossumBlood the Formicid Fighter began the quest for the Orb.
     0 | D:1      | Reached XP level 1. HP: 18/18 MP: 1/1
    48 | D:1      | Reached XP level 2. HP: 20/25 MP: 2/2
   611 | D:2      | Reached XP level 3. HP: 31/31 MP: 3/3
   833 | D:2      | Found an iron altar of Okawaru.
   833 | D:2      | Found an opulent altar of Gozag.
   833 | D:2      | Found a radiant altar of Vehumet.
   854 | D:2      | Became a worshipper of Warmaster Okawaru
  1121 | D:2      | Reached skill level 5 in Fighting
  1121 | D:2      | Reached XP level 4. HP: 33/39 MP: 4/4
  1284 | D:2      | Found a white marble altar of Elyvilon.
  1812 | D:3      | Found a deep blue altar of Sif Muna.
  1869 | D:3      | Found a snail-covered altar of Cheibriados.
  2218 | D:4      | Reached XP level 5. HP: 45/46 MP: 5/5
  2330 | D:4      | Noticed Edmund
  2355 | D:4      | Killed Edmund
  2355 | D:4      | Reached XP level 6. HP: 22/52 MP: 6/6
  2572 | D:4      | Noticed a phantom
  2596 | D:4      | Killed a phantom
  3202 | D:5      | Entered Level 5 of the Dungeon
  3202 | D:5      | Noticed an ice beast
  3222 | D:5      | Killed an ice beast
  3222 | D:5      | Reached * piety under Okawaru
  3222 | D:5      | Reached skill level 5 in Axes
  3222 | D:5      | Reached XP level 7. HP: 5/58 MP: 7/7
  3511 | D:5      | Noticed a water moccasin
  3525 | D:5      | Killed a water moccasin
  3717 | D:5      | Slain by a giant frog zombie

Skill      XL: |  1  2  3  4  5  6  7 |
---------------+----------------------+-----
Fighting       | 4 5 6 |  6.0
Axes           | 3 5 6 |  6.2
Armour         | |  3.2
Shields        | |  3.6

Action                   |  1- 3 |  4- 6 |  7- 9 || total
-------------------------+-------+-------+-------++-------
Melee: War axe           |    89 |   133 |    26 ||   248
  Use: Scroll            |     8 |     4 |       ||    12
       Potion            |       |     3 |       ||     3
  Eat: Bread ration      |     1 |       |       ||     1
       Meat ration       |       |     1 |       ||     1
Armor: Scale mail        |    37 |    50 |     4 ||    91
Dodge: Dodged            |    28 |    35 |     7 ||    70
Block: Shield            |    45 |    53 |    16 ||   114
